 Dungeon Crawl Stone Soup version 0.32-a0-798-gfa783ce77f (webtiles) character file.

Game seed: 9722772866247803991

367 Serus the Cudgeller (level 6, -9/39 HPs)
             Began as a Gargoyle Monk on Mar 21, 2024.
             Mangled by an ogre
             ... wielding a +0 giant spiked club
              (30 damage)
             ... on level 4 of the Dungeon.
             The game lasted 00:04:02 (3055 turns).

Serus the Cudgeller (Gargoyle Monk)                 Turns: 3055, Time: 00:04:02

Health: -9/39      AC: 20    Str: 17    XL:     6   Next: 69%
Magic:  6/6        EV:  7    Int: 10    God:
Gold:   137        SH:  0    Dex: 12    Spells: 5/5 levels left

rFire   + . .        i - +0 mace (protect)
rCold   . . .        d - orb {light}
rNeg    + . .        f - +0 chain mail
rPois   ∞            (no helmet)
rElec   +            (no cloak)
rCorr   .            (no gloves)
SInv    .            (no boots)
Will    .....        (no amulet) Stlth
                     q - ring of protection from fire
HPRegen 0.26/turn    (no ring)
MPRegen 0.10/turn

%: no passive effects
@: under a protective aura, glowing
A: sickness immunity, AC +4, negative energy resistance 1, electricity
resistance, torment resistance 1, petrification resistance
a: no special abilities


You were on level 4 of the Dungeon.
You visited 1 branch of the dungeon, and saw 4 of its levels.

You collected 137 gold pieces.

Inventory:

Hand Weapons
 a - a +0 mace
 i - a +0 mace of protection (weapon)
Armour
 b - a +0 robe
 d - an orb of light (worn)
 e - a +0 ring mail
 f - a +0 chain mail (worn)
Jewellery
 q - a ring of protection from fire (left hand)
 u - a ring of magical power
Scrolls
 k - 3 scrolls of identify {unknown}
 l - 2 scrolls of poison {unknown}
 m - a scroll of noise {unknown}
 o - a scroll of fog {unknown}
 p - a scroll of amnesia {unknown}
 t - a scroll of enchant weapon {unknown}
Potions
 g - 2 potions of enlightenment {unknown}
 h - a potion of invisibility {unknown}
 j - a potion of heal wounds {unknown}
 n - 2 potions of attraction {unknown}
 r - a potion of lignification {unknown}
 s - a potion of cancellation {unknown}


   Skills:
 + Level 4.5 Fighting
 + Level 5.4 Maces & Flails
 + Level 3.4 Armour
 + Level 2.8 Dodging
 + Level 0.1 Stealth


You had 5 spell levels left.
You didn't know any spells.
Your spell library contained the following spells:

 Spells                   Type           Power      Damage    Failure   Level
 Call Canine Familiar     Summ           0%         N/A       100%        3
 Dazzling Flash           Conj/Hex       0%         N/A       100%        3
 Mephitic Cloud           Conj/Alch/Air  0%         N/A       100%        3
 Sigil of Binding         Hex            0%         N/A       100%        3
 Dimensional Bullseye     Hex/Tloc       0%         N/A       100%        4
 Curse of Agony           Necr           0%         N/A       100%        5
 Silence                  Hex/Air        0%         N/A       100%        5


Dungeon Overview and Level Annotations

Branches:
Dungeon (4/15)
 Temple: D:4-7

Altars:
Elyvilon
Makhleb

Shops:
D:3 *


Innate Abilities, Weirdness & Mutations

You are immune to sickness and miasma.
Your stone body is resilient. (AC +4)
You are immune to poison.
You resist negative energy. (rN+)
You are resistant to electric shocks. (rElec)
You are resistant to unholy torment.
You are immune to petrification.


Message History

Edmund hits you with a +0 dire flail of holy wrath.
You hit Edmund.
Edmund is almost dead.
Edmund hits you but does no damage.
You completely miss Edmund.
Edmund is almost dead.
Edmund closely misses you.
Edmund hits you with a +0 dire flail of holy wrath.
You hit Edmund.
You kill Edmund!
Things that are here:
a +0 dire flail of holy wrath; a +0 chain mail You can't wield that with only one hand.
There is a stone staircase leading down here.
You start resting.
HP restored.
You climb downwards.
The jackal bites you but does no damage.
The jackal barely misses you.
There is a stone staircase leading up here.
You sock the jackal!
Your weapon exudes an aura of protection.
You kill the jackal!
The ogre closely misses you.
You see here a jackal corpse.
You completely miss the ogre.
The ogre hits you with a +0 giant spiked club!
You barely miss the ogre. You hit the ogre.
Your weapon exudes an aura of protection.
The ogre is lightly wounded.
The ogre hits you with a +0 giant spiked club.
You sock the ogre!
The ogre is moderately wounded.
The ogre barely misses you.
You hit the ogre.
The ogre is heavily wounded.
The ogre hits you with a +0 giant spiked club!!
Ouch! That really hurt!
You die...

.### ...
.†#########
#'##......#
...#......#
...'...)..#
...#......#
..........#########
.##.##........)O@<#
....###############
.......o.....
....#o###....
....#... .
....##### ###.. #+#


You could see an ogre.

Vanquished Creatures
  Edmund (D:3)
  2 orc priests
  2 orc wizards (D:3)
  3 adders
  2 dart slugs (D:1)
  6 ribbon worms (D:2)
  5 orcs
  7 ball pythons
  4 endoplasms
  3 giant cockroaches (D:3)
  6 goblins
  11 hobgoblins
  10 jackals
  6 quokkas
  9 bats
  4 frilled lizards
  9 kobolds
  8 rats
98 creatures vanquished.

Notes
Turn   | Place    | Note
-------+----------+-------------------------------------------
     0 | D:1      | Serus the Gargoyle Monk began the quest for the Orb.
     0 | D:1      | Reached XP level 1. HP: 14/14 MP: 1/1
   214 | D:1      | Reached XP level 2. HP: 19/19 MP: 2/2
   406 | D:1      | Reached XP level 3. HP: 22/24 MP: 3/3
  1106 | D:2      | Reached skill level 1 in Armour
  1194 | D:2      | Reached XP level 4. HP: 20/29 MP: 4/4
  1219 | D:2      | Reached skill level 4 in Maces & Flails
  1370 | D:2      | Found a faded altar of an unknown god.
  1671 | D:3      | Reached XP level 5. HP: 2/33 MP: 5/5
  1823 | D:3      | Found a burning altar of Makhleb.
  1956 | D:3      | Found Ochigu's Assorted Antiques.
  2172 | D:3      | Found a white marble altar of Elyvilon.
  2727 | D:3      | Reached XP level 6. HP: 21/39 MP: 6/6
  2901 | D:4      | Reached skill level 5 in Maces & Flails
  2916 | D:4      | Noticed Edmund
  2986 | D:3      | Killed Edmund
  3055 | D:4      | Mangled by an ogre

Illustrated notes

Levels and vault maps discovered:
D:1:      minmay_arrival_three_doors, layout_rooms
D:2:      layout_basic, shapermc_ecumenical_altar_notcrosses,
          minmay_joined_circles
D:3:      layout_basic, lemuel_crystal_altar, elyvilon_altar_5, serial_shops,
          nicolae_shop_tiny_real_fake_doors
D:4:      layout_basic, serial_shops, nicolae_shop_just_a_little_nook,
          uniq_edmund, uniq_crazy_yiuf_cottage

Skill      XL: |  1  2  3  4  5  6 |
---------------+-------------------+-----
Armour         | 1 2 3 |  3.4
Maces & Flails | 4 5 |  5.4
Fighting       | 4 |  4.5
Dodging        | |  2.8
Stealth        | |  0.1

Action                     |  1- 3 |  4- 6 || total
---------------------------+-------+-------++-------
  Melee: Mace              |   114 |   209 ||   323
    Use: Potion            |       |     1 ||     1
 Armour: Chain mail        |   106 |   230 ||   336
         Ring mail         |    10 |       ||    10
  Dodge: Dodged            |    44 |    88 ||   132

Table legend: (Time is in decaauts)
 A = Elapsed time spent in this place.
 B = Non-inter-level travel time spent in this place.
 C = Inter-level travel time spent in this place.
 D = Time resting spent in this place.
 E = Time spent auto-exploring this place.
 F = Levels seen in this place.
 G = Mean time per level.
                   A        B        C        D        E       F      G
               +--------+--------+--------+--------+--------+-----+--------+
         Total |   3126 |   3075 |     51 |    545 |   1727 |   4 |  781.5 |
       Dungeon |   3126 |   3075 |     51 |    545 |   1727 |   4 |  781.5 |
               +--------+--------+--------+--------+--------+-----+--------+

Top non-repeatable levels by time:
     D:3: 1238 daAuts
     D:2: 1117 daAuts
     D:1: 640 daAuts
     D:4: 130 daAuts
